 Dungeon Crawl Stone Soup version 0.26-a0-670-g578ab304f5 (webtiles) character file.

Game seed: 17041073466532855766

476 ANON1729 the Slasher (level 7, -2/44 HPs)
             Began as an Octopode Chaos Knight on Oct 19, 2020.
             Was a Plaything of Xom.
             Killed by divine providence
             ... invoked by an orc priest
              (12 damage)
             ... on level 2 of the Dungeon.
             The game lasted 00:03:34 (3025 turns).

ANON1729 the Slasher (Octopode Chaos Knight)        Turns: 3025, Time: 00:03:34

Health: -2/44      AC:  1    Str: 14      XL:     7   Next: 10%
Magic:  7/7        EV: 14    Int: 14      God:    Xom [.....*]
Gold:   192        SH:  0    Dex:  9 (11) Spells: 6/6 levels left

rFire    + . .     SeeInvis .   a - +0 falchion (chaos)
rCold    . . .     Faith    .   (no shield)
rNeg     + . .     Spirit   .   (helmet restricted)
rPois    .         Reflect  .   (no amulet)
rElec    .         Harm     .   n - ring of positive energy
rCorr    .         Rampage  .   o - ring of protection from fire
MR       .....                  (no ring)
Stlth    ++........             (no ring)
HPRegen  0.14/turn              (no ring)
MPRegen  0.10/turn              (no ring)
                                (no ring)
                                (no ring)

@: cleaving, slowed, very slow
A: almost no armour, stealthy swim, amphibious, 8 rings, constrict 8, camouflage
1, blurry vision 1, deterioration 1, frail 1, gelatinous body 1
a: Renounce Religion


You were on level 2 of the Dungeon.
You worshipped Xom.
You were Xom's teddy bear.
You visited 1 branch of the dungeon, and saw 4 of its levels.

You collected 192 gold pieces.

Inventory:

Hand Weapons
 a - a +0 falchion of chaos (weapon)
Armour
 g - a +0 buckler
Jewellery
 n - a ring of positive energy (left tentacle)
 o - a ring of protection from fire (right tentacle)
Wands
 j - a wand of random effects (14)
Scrolls
 b - a scroll of fear {unknown}
 e - 2 scrolls of remove curse {unknown}
 h - 4 scrolls of identify {unknown}
 k - a scroll of blinking {unknown}
 m - 4 scrolls of amnesia {unknown}
 p - 4 scrolls of teleportation {unknown}
Potions
 c - 2 potions of heal wounds {unknown}
 d - 4 potions of haste {unknown}
 f - a potion of lignification {unknown}
 i - a potion of stabbing {unknown}
 l - 2 potions of flight {unknown}
 q - a potion of might {unknown}


   Skills:
 + Level 4.8 Fighting
 + Level 4.8 Long Blades
 + Level 4.4 Dodging
 + Level 2.5 Shields


You had 6 spell levels left.
You didn't know any spells.
Your spell library contained the following spells:

 Spells                   Type           Power        Failure   Level
 Corona                   Hex            #......      28%         1
 Magic Dart               Conj           #...         28%         1
 Blink                    Tloc           N/A          41%         2
 Call Imp                 Summ           #.......     41%         2
 Ensorcelled Hibernation  Hex/Ice        #.....       41%         2
 Slow                     Hex            #.......     41%         2
 Confusing Touch          Hex            #.......     65%         3
 Conjure Flame            Conj/Fire      #.......     65%         3
 Dazzling Flash           Conj/Hex       #.....       65%         3
 Mephitic Cloud           Conj/Pois/Air  #.......     65%         3
 Tukima's Dance           Hex            #.......     65%         3


Dungeon Overview and Level Annotations

Branches:
Dungeon (4/15)
 Temple: D:4-7

Altars:

Shops:
D:4 (

Annotations:
D:3 Sigmund


Innate Abilities, Weirdness & Mutations

You cannot wear most types of armour.
You are very stealthy in the water. (Stealth+)
You are amphibious.
You can wear up to eight rings at the same time.
You can use your tentacles to constrict eight enemies at once.
Your skin changes colour to match your surroundings (Stealth+).
Your rubbery body absorbs attacks. (AC +1, EV +1)
Scrolls take you a little longer to read.
Your body sometimes deteriorates upon taking damage.
You are frail. (-10% HP)


Message History

A bat comes into view.
The orc priest invokes the aid of Beogh against you.
Beogh smites you!
* * * LOW HITPOINT WARNING * * *
The orc priest closely misses you.
You riposte.
You hit the orc priest but do no damage.
Lightning courses through the orc priest!!
You kill the orc priest!
You miss the bat. You grab the bat. You constrict the bat.
You kill the bat!
The orc priest miscasts a cantrip.
The orc priest hits you.
* * * LOW HITPOINT WARNING * * *
Items here: ( )))) [[ ††.
You hit the orc priest.
The orc priest is poisoned.
Your grab misses the orc priest.
The orc priest is severely wounded.
The orc priest invokes the aid of Beogh against you.
Beogh smites you!
You die...

#.#.# ##.# #.#.###
...###.....#
####.......# #
#...###<..# .# # #.#)#
#...# ###.##.
##.#.###...# # #.....
...#.....#.###.###.#.#
#####.##.......o@....#
#.####.....###.### #.#
##### #)#
##.########## #.#
#...........# #.#
####...#######<# #.#
.......#######.###.#
#.#.#..#.[.[.......#
......##.#####.#####


You could see an orc priest (very poisoned).

Vanquished Creatures
  A scorpion (D:4)
  An orc wizard (D:2)
  An orc priest (D:2)
  Jessica (D:2)
  2 iguanas
  A worker ant (D:4)
  8 adders
  2 oozes
  An adder skeleton (D:4)
  3 worms
  3 dart slugs
  3 leopard geckos
  8 orcs
  3 giant cockroaches (D:3)
  7 goblins
  5 hobgoblins
  2 quokkas
  12 bats
  A frilled lizard (D:3)
  5 kobolds
  5 rats
75 creatures vanquished.

Vanquished Creatures (others)
  Eustachio (D:4)
1 creature vanquished.

Grand Total: 76 creatures vanquished

Notes
Turn   | Place    | Note
-------+----------+-------------------------------------------
     0 | D:1      | ANON1729 the Octopode Chaos Knight began the quest for the
                  | Orb.
     0 | D:1      | Reached XP level 1. HP: 16/16 MP: 1/1
    19 | D:1      | XOM: silly message
   253 | D:1      | Reached XP level 2. HP: 21/21 MP: 2/2
   263 | D:1      | XOM: 1-stop teleportation journey
   632 | D:1      | XOM: cast spell 'Olgreb's Toxic Radiance'
   709 | D:1      | You fall into a shaft and drop 1 floor!
   739 | D:2      | Reached XP level 3. HP: 26/26 MP: 3/3
   854 | D:2      | Noticed Jessica
   860 | D:2      | Killed Jessica
   860 | D:2      | Reached XP level 4. HP: 24/33 MP: 4/4
  1217 | D:2      | XOM: silly message
  1258 | D:2      | You fall into a shaft and drop 2 floors!
  1282 | D:4      | Reached XP level 5. HP: 25/37 MP: 5/5
  1282 | D:4      | XOM: give mutation
  1282 | D:4      | Gained mutation: Scrolls take you a little longer to read.
                  | [Xom's mischief]
  1362 | D:4      | XOM: give mutations
  1362 | D:4      | Gained mutation: Your body sometimes deteriorates upon
                  | taking damage. [Xom's mischief]
  1362 | D:4      | Lost mutation: Scrolls take you a little longer to read.
                  | [Xom's mischief]
  1362 | D:4      | Gained mutation: Scrolls take you a little longer to read.
                  | [Xom's mischief]
  1362 | D:4      | Gained mutation: You are frail. (-10% HP) [Xom's mischief]
  1467 | D:4      | XOM: swap monsters
  1470 | D:4      | Reached skill level 1 in Shields
  1500 | D:4      | Found Mehoz's Antique Weapon Shop.
  1523 | D:4      | Noticed Eustachio
  1532 | D:4      | XOM: cleaving
  1533 | D:4      | Killed Eustachio
  1533 | D:4      | Reached XP level 6. HP: 25/39 MP: 6/6
  1533 | D:4      | XOM: divine lightning
  1570 | D:4      | XOM: noise
  1626 | D:4      | XOM: silly message
  1860 | D:4      | XOM: cloud trail
  2077 | D:3      | XOM: god gift: scroll labeled ELOESO CAST {god gift}
  2329 | D:3      | Noticed Sigmund
  3016 | D:2      | XOM: cleaving
  3019 | D:2      | Reached XP level 7. HP: 23/44 MP: 7/7
  3025 | D:2      | Killed from afar by an orc priest

Illustrated notes

Levels and vault maps discovered:
D:1:      lemuel_arrival_broad_hall, layout_loops_cross, due_unseen_surprise
D:2:      layout_loops_ring, serial_glass, glass_columns_b, glass_columns_c,
          uniq_jessica, uniq_crazy_yiuf_cottage
D:3:      layout_basic, serial_glass, glass_columns_a, glass_columns_a,
          minmay_cupped, uniq_sigmund
D:4:      layout_basic, serial_shops, shop, eino_small_chamber_without_monster,
          uniq_eustachio

Skill      XL: |  1  2  3  4  5  6 |
---------------+-------------------+-----
Dodging        | 3 4 |  4.4
Long Blades    | 4 |  4.8
Fighting       | 4 |  4.8
Shields        | 1 2 |  2.5

Action                   |  1- 3 |  4- 6 |  7- 9 || total
-------------------------+-------+-------+-------++-------
Melee: Falchion          |    35 |   104 |     4 ||   143
       Constrict         |     8 |    37 |     2 ||    47
       Tentacles         |    11 |    23 |     1 ||    35
Evoke: Wand              |       |       |     1 ||     1
 Stab: Sleeping          |     4 |    10 |       ||    14
       Petrified         |       |     2 |       ||     2
       Paralysed         |       |     1 |       ||     1
Armor: Skin              |     3 |     7 |       ||    10
Dodge: Dodged            |    27 |    61 |     2 ||    90
       Rpst.: Falchion   |    11 |    21 |     1 ||    33

Table legend: (Time is in decaauts)
 A = Elapsed time spent in this place.
 B = Non-inter-level travel time spent in this place.
 C = Inter-level travel time spent in this place.
 D = Time resting spent in this place.
 E = Time spent auto-exploring this place.
 F = Levels seen in this place.
 G = Mean time per level.
                   A        B        C        D        E       F      G
               +--------+--------+--------+--------+--------+-----+--------+
         Total |   3047 |   2960 |     87 |    319 |   2189 |   4 |  761.8 |
       Dungeon |   3047 |   2960 |     87 |    319 |   2189 |   4 |  761.8 |
               +--------+--------+--------+--------+--------+-----+--------+

Top non-repeatable levels by time:
     D:3: 981 daAuts
     D:1: 759 daAuts
     D:4: 730 daAuts
     D:2: 575 daAuts
